 Dungeon Crawl Stone Soup version 0.26.0-16-gc1dbca0489 (webtiles) character file.

Game seed: 9614565572333893475

13757 hawla the Thaumaturge (level 11, -5/75 (77) HPs)
             Began as a Pale Draconian Conjurer on Jan 18, 2021.
             Was a Priest of Ashenzari.
             Killed from afar by Josephine (12 damage)
             ... with a ghostly fireball
             ... on level 13 of the Dungeon.
             The game lasted 00:40:57 (13787 turns).

hawla the Thaumaturge (Pale Draconian Conjurer)    Turns: 13787, Time: 00:40:58

HP:   -5/75 (77)    AC: 10    Str: 10    XL:     11   Next: 79%
MP:   20/34         EV: 12    Int: 22    God:    Ashenzari [***...]
Gold: 459           SH:  5    Dex:  9    Spells: 20/31 levels left

rFire    + + +     SeeInvis +   t - staff of fire (curse)
rCold    + . .     Faith    .   (no shield)
rNeg     + . .     Spirit   .   (armour unavailable)
rPois    +         Reflect  +   (helmet restricted)
rElec    .         Harm     .   (no cloak)
rCorr    .         Rampage  .   z - +2 pair of gloves (curse)
Will     .....                  (no boots)
Stlth    ++........             i - amulet of reflection (curse)
HPRegen  0.22/turn              H - ring of positive energy (curse)
MPRegen  0.24/turn              a - ring "Axoygug" {rPois rF++ rC+ MP+9} (curse)

@: very slightly contaminated, slowed, lightly drained, invisible, very slow
A: breathe steam, unfitting armour, cold-blooded, AC +7
a: Breathe Steam, Renounce Religion, Curse Item, Scrying


You were on level 13 of the Dungeon.
You worshipped Ashenzari.
Ashenzari was most pleased with you.
You visited 2 branches of the dungeon, and saw 14 of its levels.

You collected 1006 gold pieces.
You spent 547 gold pieces at shops.

Inventory:

Missiles
 u - a throwing net
 D - 3 boomerangs (quivered)
Armour
 z - a cursed +2 pair of gloves (worn)
Magical Staves
 t - a cursed staff of fire (weapon)
Jewellery
 a - the cursed ring "Axoygug" (right hand) {rPois rF++ rC+ MP+9}
   (You acquired it in the Ecumenical Temple)

   [ring of magical power]

   It greatly protects you from fire.
   It protects you from cold.
   It protects you from poison.
   It affects your magic capacity (+9).
   It has a curse placed upon it.
 i - a cursed amulet of reflection (around neck)
 p - an uncursed ring of willpower
 r - a +6 ring of dexterity
 C - an uncursed ring of protection from fire
 H - a cursed ring of positive energy (left hand)
 I - a +4 ring of evasion
Wands
 d - a wand of random effects (17)
 m - a wand of digging (5)
 w - a wand of polymorph (15)
 A - a wand of enslavement (8)
Scrolls
 h - a scroll of enchant armour
 k - 3 scrolls of remove curse
 o - 2 scrolls of enchant weapon
 s - a scroll of fog
 y - a scroll of teleportation
 B - a scroll of brand weapon
Potions
 b - 3 potions of might
 c - a potion of resistance
 e - a potion of haste
 g - 9 potions of curing
 j - 2 potions of flight
 n - a potion of ambrosia
 q - 2 potions of cancellation
 v - 3 potions of heal wounds {unknown}
 E - 2 potions of mutation {unknown}
 F - a potion of lignification {unknown}
Miscellaneous
 f - a box of beasts


   Skills:
 - Level 1.0 Fighting
 - Level 1.0 Throwing
 - Level 1.7 Dodging
 - Level 1.7 Stealth
 + Level 10.6 Spellcasting
 - Level 8.5(11.4) Conjurations
 + Level 7.8(10.7) Summonings
 - Level 7.3(10.3) Translocations
 + Level 8.5(11.4) Air Magic
 - Level 1.3(3.7) Evocations


You had 20 spell levels left.
You knew the following spells:

 Your Spells              Type           Power        Failure   Level
a - Magic Dart            Conj           100%         1%          1
b - Searing Ray           Conj           100%         1%          2
c - Iskenderun's Mystic   Conj/Tloc      56%          1%          4
d - Summon Lightning Spi  Summ/Air       57%          1%          4

Your spell library contained the following spells:

 Spells                   Type           Power        Failure   Level
 Summon Small Mammal      Summ           100%         1%          1
 Call Imp                 Summ           56%          1%          2
 Call Canine Familiar     Summ           56%          1%          3
 Dazzling Flash           Conj/Hex       74%          1%          3
 Summon Guardian Golem    Hex/Summ       36%          1%          3
 Corona                   Hex            14%          4%          1
 Freeze                   Ice            52%          4%          1
 Pain                     Necr           52%          4%          1
 Fulminant Prism          Conj/Hex       18%          4%          4
 Hailstorm                Conj/Ice       37%          4%          4
 Summon Ice Beast         Ice/Summ       36%          6%          4
 Ensorcelled Hibernation  Hex/Ice        26%          8%          2
 Shadow Creatures         Summ           N/A          11%         6
 Confusing Touch          Hex            13%          14%         3
 Frozen Ramparts          Ice            26%          14%         3
 Ozocubu's Armour         Ice            13%          14%         3
 Tukima's Dance           Hex            13%          14%         3


Dungeon Overview and Level Annotations

Branches:
Dungeon (13/15)            Temple (1/1) D:7            Lair (0/6) D:10
    Orc: D:9-12      Vaults: D:13-14

Altars:
Ashenzari
Cheibriados
Dithmenos
Elyvilon
Fedhas
Gozag
Kikubaaqudgha
Makhleb
Nemelex Xobeh
Okawaru
Qazlal
Ru
Sif Muna
Trog
Uskayaw
Vehumet
Wu Jian
Xom
Yredelemnul
Zin
The Shining One

Shops:
D:4 *

Annotations:
D:7 1 runed translucent door, Crazy Yiuf
D:8 Learn Apportation, get gold
D:12 Nessos~!, Nessos
D:13 Josephine


Innate Abilities, Weirdness & Mutations

You can breathe blasts of scalding, opaque steam.
Your pale cyan-grey scales are hard. (AC +7)
You cannot fit into any form of body armour.
You are cold-blooded and may be slowed by cold attacks.


Message History

The wraith drains your vigour!
You feel as though you will be slow longer.
The centaur shoots an arrow.
The arrow hits you.
* * * LOW HITPOINT WARNING * * *
The centaur shoots an arrow.
The arrow hits the centaur!
The troll closely misses you. x3; The wraith hits you!
* * * LOW HITPOINT WARNING * * *
The wraith drains your vigour!
You feel as though you will be slow longer.
Josephine gestures at you while chanting.
The ghostly flame explodes!
The ghostly fireball engulfs the wraith.
The wraith completely resists.
The ghostly fireball engulfs Josephine.
Josephine completely resists.
The ghostly fireball engulfs the wraith.
The wraith completely resists.
The ghostly fireball engulfs the bullfrog zombie.
The bullfrog zombie completely resists.
The ghostly fireball engulfs you! You partially resist.
You feel drained.
You die...

,* , * * . * * .. *
** # , , ... * ..#..
* * , #.W ......
#c.* ##...... * *
#.c######.....#** *
#.)(@.........#
##(WWT........# * **
#.@Z..((......###
..........(........
, ,
.............[......
,, *
............((.....#
....................
,
....................
...................


You could see Josephine (wandering), a troll, 3 wraiths, 2 centaurs and a
bullfrog zombie (wandering).

Vanquished Creatures
  Harold (D:9)
  2 two-headed ogres (D:8)
  3 ugly things (D:11)
  Psyche (D:8)
  Maurice (D:12)
  Maggie (D:7)
  5 trolls
  A shadow (D:12)
  11 yaks
  2 orc warriors
  A hornet zombie (D:10)
  3 sky beasts
  2 necrophages
  A phantom (D:9)
  9 ogres
  4 black bears
  5 centaurs
  A wolf (D:10)
  A big kobold (D:11)
  7 bullfrogs
  9 killer bees
  6 scorpions
  18 wights
  3 howler monkeys
  2 bullfrog zombies
  A jelly (D:5)
  2 orc priests
  3 bullfrog skeletons
  12 hounds
  2 quasits
  3 centaur skeletons
  An iguana (D:10)
  Jessica (D:2)
  4 orc wizards
  7 worker ants
  2 hound skeletons
  11 gnolls
  A howler monkey skeleton (D:5)
  3 adders
  4 shadow imps
  A white imp (D:7)
  5 ufetubi
  An adder skeleton (D:4)
  2 adder zombies
  2 worms
  2 dart slugs (D:3)
  5 leopard geckos
  39 orcs
  A ball python (D:6)
  4 giant cockroaches
  6 goblins
  2 hobgoblins
  12 jackals
  4 kobolds
  2 quokkas
  2 bats
  3 frilled lizards
  A jackal zombie (D:6)
  A leopard gecko skeleton (D:6)
  A quokka skeleton (D:9)
  7 rats
260 creatures vanquished.

Vanquished Creatures (collateral kills)
  2 yaks (D:12)
  A wolf (D:10)
  A killer bee (D:9)
4 creatures vanquished.

Vanquished Creatures (others)
  An unseen horror (D:13)
  A wraith (D:13)
  A withered plant (D:7)
3 creatures vanquished.

Grand Total: 267 creatures vanquished

Notes
Turn   | Place    | Note
-------+----------+-------------------------------------------
     0 | D:1      | hawla the Draconian Conjurer began the quest for the Orb.
     0 | D:1      | Reached XP level 1. HP: 14/14 MP: 3/3
   386 | D:1      | Reached skill level 1 in Fighting
   443 | D:1      | Reached XP level 2. HP: 23/23 MP: 0/5
   446 | D:1      | Learned a level 2 spell: Searing Ray
   749 | D:2      | Noticed Jessica
   751 | D:2      | Killed Jessica
   752 | D:2      | Reached skill level 3 in Spellcasting
   752 | D:2      | Reached XP level 3. HP: 28/28 MP: 1/8
  1276 | D:2      | Found an ornate altar of the Wu Jian Council.
  1276 | D:2      | Found a glowing golden altar of the Shining One.
  1363 | D:2      | Found a shimmering blue altar of Sif Muna.
  1367 | D:2      | Found a snail-covered altar of Cheibriados.
  1367 | D:2      | You fall into a shaft and drop 1 floor!
  1491 | D:3      | Reached XP level 4. HP: 35/35 MP: 6/9
  1496 | D:3      | Learned a level 4 spell: Iskenderun's Mystic Blast
  1657 | D:3      | Noticed an ogre
  1706 | D:3      | Killed an ogre
  1707 | D:3      | Reached skill level 1 in Throwing
  1707 | D:3      | Reached skill level 4 in Spellcasting
  1707 | D:3      | Reached skill level 1 in Translocations
  1707 | D:3      | Reached skill level 1 in Evocations
  1707 | D:3      | Reached XP level 5. HP: 13/40 MP: 1/11
  2231 | D:3      | Found a broken altar of Ashenzari.
  2513 | D:3      | Found a sparkling altar of Nemelex Xobeh.
  2527 | D:3      | Became a worshipper of Ashenzari the Shackled
  2676 | D:4      | Noticed an ogre
  2688 | D:4      | Killed an ogre
  2689 | D:4      | Reached XP level 6. HP: 47/47 MP: 4/12
  3097 | D:4      | Reached skill level 5 in Conjurations
  3391 | D:4      | Found Xewe's Assorted Antiques.
  3430 | D:4      | Reached skill level 5 in Spellcasting
  3708 | D:5      | Entered Level 5 of the Dungeon
  3708 | D:5      | Reached * piety under Ashenzari
  3712 | D:5      | Your scales start taking on a pale cyan-grey colour.
  3712 | D:5      | Reached XP level 7. HP: 52/52 MP: 9/14
  5139 | D:6      | Reached XP level 8. HP: 57/59 MP: 8/16
  5354 | D:6      | Reached skill level 6 in Spellcasting
  5703 | D:6      | Reached skill level 5 in Translocations
  6515 | D:6      | Found a broken altar of Ashenzari.
  6515 | D:6      | Found a bloodstained altar of Trog.
  6765 | D:7      | Identified the Almanac of Dark Rituals and the Entourage
  6868 | D:7      | Reached skill level 7 in Spellcasting
  6868 | D:7      | Reached XP level 9. HP: 61/64 MP: 11/19
  7118 | D:7      | Found a staircase to the Ecumenical Temple.
  7125 | Temple   | Entered the Ecumenical Temple
  7144 | Temple   | Identified a scroll of acquirement
  7144 | Temple   | Acquired the cursed ring "Axoygug" {rPois rF++ rC+ MP+9}
  7421 | D:7      | Noticed Maggie
  7427 | D:7      | Killed Maggie
  7937 | D:7      | Found an ancient bone altar of Kikubaaqudgha.
  7939 | D:7      | Found a blossoming altar of Fedhas.
  8039 | D:7      | Found a runed translucent door.
  8040 | D:7      | Noticed Crazy Yiuf
  8183 | D:7      | Learned a level 4 spell: Summon Lightning Spire
  8413 | D:8      | Noticed a two-headed ogre
  8419 | D:8      | Killed a two-headed ogre
  8420 | D:8      | Reached skill level 8 in Spellcasting
  8420 | D:8      | Reached XP level 10. HP: 38/71 MP: 19/22
  8896 | D:8      | Noticed a two-headed ogre
  8904 | D:8      | Killed a two-headed ogre
  9123 | D:8      | Reached ** piety under Ashenzari
  9209 | D:8      | Noticed Psyche
  9213 | D:8      | Killed Psyche
  9367 | D:8      | Reached skill level 9 in Spellcasting
 10077 | D:4      | Bought a papyrus book for 465 gold pieces
 10077 | D:4      | Bought a fuming puce potion for 27 gold pieces
 10077 | D:4      | Bought 2 fuming puce potions for 55 gold pieces
 10224 | D:9      | Noticed Harold
 10245 | D:9      | Reached skill level 5 in Air Magic
 10249 | D:9      | Killed Harold
 10250 | D:9      | Reached skill level 5 in Summonings
 10851 | D:10     | Entered Level 10 of the Dungeon
 11170 | D:10     | Reached XP level 11. HP: 67/77 MP: 6/24
 11419 | D:10     | Reached *** piety under Ashenzari
 11628 | D:10     | Found a staircase to the Lair.
 12318 | D:11     | Noticed a red ugly thing
 12328 | D:11     | Killed a red ugly thing
 12329 | D:11     | Reached skill level 10 in Spellcasting
 12673 | D:11     | Noticed a red ugly thing
 12684 | D:11     | Killed a red ugly thing
 12931 | D:11     | Noticed a red ugly thing
 12944 | D:11     | Killed a red ugly thing
 13321 | D:12     | Noticed Nessos
 13330 | D:12     | Noticed Maurice
 13340 | D:12     | Killed Maurice
 13769 | D:13     | Noticed an unseen horror
 13777 | D:13     | Noticed Josephine
 13785 | D:13     | Killed an unseen horror
 13787 | D:13     | Killed from afar by Josephine

Illustrated notes

Levels and vault maps discovered:
D:1:      dpeg_arrival_boxorama, layout_basic
D:2:      layout_loops_cross, chequers_temple_overflow_minitemple, uniq_jessica
D:3:      layout_loops_ring, lemuel_round_altar, ashenzari_altar_1
D:4:      layout_loops_ring, serial_shops, kennysheep_little_box
D:5:      layout_cave_pods
D:6:      layout_loops_ring, gammafunk_temple_overflow_wave, minmay_misc_feat_x,
          minmay_checkerbox
D:7:      layout_gridville, grunt_temple_overflow_growth_and_decay,
          minmay_temple_entry_enclosed_plants, serial_undead, serial_undead_b,
          serial_undead_b, serial_undead_f, serial_undead_b,
          minmay_quadrilaterals, uniq_crazy_yiuf_cottage, uniq_maggie
D:8:      layout_basic, lemuel_flame_loot_1, uniq_psyche
D:9:      layout_rooms, uniq_harold
D:10:     layout_loops_ring, erik_lair_island
D:11:     layout_basic, kennysheep_small_square
D:12:     layout_roguey, orc_0_dummy, enter_trove_5, minivault_16,
          nicolae_ru_the_path_less_chosen, uniq_maurice, uniq_nessos, uniq_urug
D:13:     layout_layer_cave, nrook_guardian_serpent_ordinary, uniq_josephine
Temple:   minmay_temple_bridge_abc

Skill      XL: |  1  2  3  4  5  6  7  8  9 10 11 |
---------------+----------------------------------+-----
Fighting       | 1 |  1.0
Spellcasting   | 3 4 5 7 8 9 10 | 10.6
Throwing       | 1 |  1.0
Translocations | 1 2 3 4 6 7 |  7.3
Evocations     | 1 |  1.3
Conjurations   | 5 6 7 8 |  8.5
Summonings     | 2 5 7 |  7.8
Air Magic      | 2 6 8 |  8.5
Dodging        | |  1.7
Stealth        | |  1.7

Action                   |  1- 3 |  4- 6 |  7- 9 | 10-12 || total
-------------------------+-------+-------+-------+-------++-------
Melee: Unarmed           |    35 |       |    50 |       ||    85
       Tailslap          |     6 |       |     5 |     3 ||    14
       Staff             |       |       |       |    37 ||    37
 Cast: Magic Dart        |    34 |    28 |    94 |   110 ||   266
       Searing Ray       |     9 |    24 |    70 |    85 ||   188
       Iskenderun's Myst |       |       |     7 |    30 ||    37
       Summon Lightning  |       |       |       |     4 ||     4
Invok: Curse Item        |       |       |     1 |     2 ||     3
 Abil: Breathe Steam     |       |       |     1 |       ||     1
Evoke: Wand              |       |       |       |     6 ||     6
  Use: Scroll            |     3 |     4 |    11 |     8 ||    26
       Potion            |       |       |     1 |     5 ||     6
 Stab: Invisible         |       |       |       |     1 ||     1
Armor: Skin              |    17 |     2 |    37 |    43 ||    99
Dodge: Dodged            |    25 |    11 |    64 |   104 ||   204
Block: Other             |       |       |       |    39 ||    39
       Reflection        |       |       |       |     1 ||     1
